 Dungeon Crawl Stone Soup version 0.19.1 (webtiles) character file.

460 M4edhros the Insei (level 7, -5/70 HPs)
             Began as an Octopode Chaos Knight on Dec 26, 2016.
             Slain by an ogre
             ... wielding a +0 giant club
              (16 damage)
             ... on level 4 of the Dungeon.
             The game lasted 00:10:27 (28775 turns).

M4edhros the Insei (Octopode Chaos Knight)         Turns: 28775, Time: 00:10:28

Health: -5/70      AC: 27    Str: 13    XL:     7   Next: 7%
Magic:  7/7        EV:  2    Int: 15    God:    Xom [......]
Gold:   144        SH:  0    Dex: 15    Spells: 0 memorised, 6 levels left

rFire  + . .     SeeInvis .       - Unarmed
rCold  . . .     Gourm    .     (no shield)
rNeg   + + +     Faith    .     (helmet currently unavailable)
rPois  +         Spirit   .     (no amulet)
rElec  .         Reflect  .     o - +4 ring of protection
rCorr  .         Harm     .     j - ring of protection from fire
MR     .....     Clarity  +     (no ring)
Stlth  +......... NoTele   +    (no ring)
                                (no ring)
                                (no ring)
                                (no ring)
                                (no ring)

@: tree-form, slowed, very slow
A: almost no armour, stealthy swim, (amphibious), 8 rings, (constrict 8),
(antennae 0), (molten scales 0), rugged brown scales 1, (slimy green scales 0),
(camouflage 0), agile 1, blurry vision 1, clarity, (cold resistance 0), (fire
resistance 0), high mp 1, mutation resistance 1, sense surroundings 1, (poison
resistance), regeneration 1, (shaggy fur 0), strong 1, wild magic 1, (gelatinous
body 0)
a: Renounce Religion


You were on level 4 of the Dungeon.
You worshipped Xom.
You were a very special plaything of Xom.
You were not hungry.
You were a tree.
You visited 2 branches of the dungeon, and saw 5 of its levels.

You collected 144 gold pieces.

Inventory:

Hand Weapons
 q - a +0 scimitar
Magical Staves
 n - an uncursed staff of energy
 t - an uncursed staff of wizardry
Jewellery
 j - a ring of protection from fire (right branch)
 o - a +4 ring of protection (left branch)
Wands
 w - a wand of flame (36/48)
Scrolls
 e - 2 scrolls of remove curse
 g - 2 scrolls of identify
 h - 5 scrolls of teleportation
 i - 2 scrolls of amnesia {unknown}
 m - 3 scrolls of enchant weapon {unknown}
 u - a scroll of immolation {unknown}
 v - a scroll of fear
Potions
 d - a potion of ambrosia
 l - a potion of agility
 p - a potion of cancellation
Comestibles
 f - 6 meat rations
 r - a fruit


   Skills:
 - Level 3.0 Fighting
 - Level 2.3 Dodging
 + Level 7.8 Unarmed Combat


You had 6 spell levels left.
You didn't know any spells.

Dungeon Overview and Level Annotations

Branches:
Dungeon (4/15)             Temple (1/1) D:4

Altars:
Ashenzari
Dithmenos
Elyvilon
Fedhas
Gozag
Kikubaaqudgha
Nemelex Xobeh
Qazlal
Ru
Sif Muna
Trog
Uskayaw
Vehumet
Xom
Yredelemnul
Zin
The Shining One

Annotations:
D:4 Sigmund


Innate Abilities, Weirdness & Mutations

You cannot wear most types of armour.
You are very stealthy in the water. (Stealth+)
((You are amphibious.))
You can wear up to eight rings at the same time.
((You can use your tentacles to constrict eight enemies at once.))
((Your skin changes colour to match your surroundings (Stealth+).))
((Your rubbery body absorbs attacks. (AC +1, EV +1)))
((You have a pair of small antennae on your head.))
((You are partially covered in molten scales. (AC +2)))
(You are partially covered in rugged brown scales. (AC +1, +3% HP))
((You are partially covered in slimy green scales. (AC +2)))
You are agile. (Dex +2)
Scrolls take you a little longer to read.
You possess an exceptional clarity of mind.
((Your flesh is very cold resistant. (rC++)))
((Your flesh is heat resistant. (rF+)))
You have an increased reservoir of magic. (+10% MP)
You are somewhat resistant to further mutation.
You passively map a small area around you.
((Your system is resistant to poisons. (rPois)))
Your natural rate of healing is unusually fast.
((You are covered in fur. (AC +1)))
Your muscles are strong. (Str +2)
Your spells are a little harder to cast, but a little more powerful.


Message History

Level annotation: Sigmund The ogre shouts!
Sigmund shouts!
Sigmund hits you with a scythe of chaos!
You are electrocuted!
The ogre hits you with a giant club!!
* * * LOW HITPOINT WARNING * * *
There is a staircase to the Ecumenical Temple, spattered with blood here.
Okay, then.
You turn into a tree.
Your roots penetrate the ground.
Sigmund hits you but does no damage.
You feel yourself slow down. The ogre hits you but does no damage.
You smack Sigmund!
Sigmund is moderately wounded.
The ogre hits you but does no damage. Sigmund casts a spell at you.
The puff of flame misses you.
You barely miss Sigmund.
Sigmund is moderately wounded.
Sigmund completely misses you. The ogre hits you with a giant club!
You die...
Xom is highly amused!

* #.# #####+## , ######.#
#......# * #......####......#
##### , * #......##........#
#.... #......##.......# #.#..
#.###......##...)...# #.###
#......#.#........#.# #....
.######.#.#.#......#.# #####
..........#.#.♣@...#.#
#.#######.#...#.O....#.# ######
............###......#.# #.....
............#........#.#####.##..
............#.##..........# .....
............#..+..........##..#..
.#####....#.#..#..........##. ###
#.####.#..#.....#.##### # #
.#####.####.#..#.....#.#####..#..


You could see Sigmund and an ogre.

Vanquished Creatures
  An ogre (D:4)
  An orc warrior (D:2)
  A hound (D:4)
  3 orc priests
  An orc wizard (D:3)
  6 adders
  A worm (D:2)
  2 dart slugs
  2 leopard geckos
  5 orcs
  7 giant cockroaches
  6 goblins
  14 hobgoblins
  6 jackals
  4 quokkas
  A ball python (D:2)
  12 bats
  4 frilled lizards
  11 kobolds
  4 rats
92 creatures vanquished.

Notes
Turn   | Place    | Note
-------+----------+-------------------------------------------
     0 | D:1      | M4edhros the Octopode Chaos Knight began the quest for the Orb.
     0 | D:1      | Reached XP level 1. HP: 16/16 MP: 1/1
   775 | D:1      | XOM: harmless Chrm miscast
  1366 | D:1      | Reached XP level 2. HP: 21/21 MP: 2/2
  1752 | D:1      | XOM: harmless Pois miscast
  1797 | D:1      | XOM is BORED!
  1797 | D:1      | XOM: summons 1 hostile demon
  2211 | D:1      | XOM: give mutation
  2211 | D:1      | Gained mutation: You are partially covered in rugged brown scales. (AC +1, +3% HP) [Xom's grace]
  2621 | D:1      | Reached skill level 4 in Unarmed Combat
  2659 | D:1      | Reached XP level 3. HP: 26/26 MP: 3/3
  2728 | D:1      | XOM: god gift: 7 meat rations
  3260 | D:1      | XOM: cloud trail
  3307 | D:1      | XOM: harmless Fire miscast
  3472 | D:2      | Found a shadowy altar of Dithmenos.
  3628 | D:2      | XOM: 3-stop teleportation journey
  3657 | D:2      | XOM: give mutations
  3657 | D:2      | Gained mutation: You are partially covered in molten scales. (AC +2) [Xom's grace]
  3657 | D:2      | Gained mutation: You are agile. (Dex +2) [Xom's grace]
  4452 | D:2      | XOM: god gift: long smoking staff {god gift}
  4883 | D:2      | XOM: god gift: scroll labeled KEAMPU WEOJIQALO {god gift}
  4907 | D:2      | XOM: cloud trail
  5084 | D:2      | Reached XP level 4. HP: 31/31 MP: 4/4
  5130 | D:2      | XOM: 8-stop teleportation journey
  5744 | D:2      | XOM: scenery: 1 doors open, 1 doors close
  6075 | D:2      | XOM is BORED!
  6681 | D:2      | Reached skill level 5 in Unarmed Combat
  6706 | D:2      | XOM: cloud trail
  6771 | D:2      | XOM: harmless Chrm miscast
  7047 | D:2      | XOM: 2-stop teleportation journey
  7127 | D:2      | XOM: god gift: scimitar {god gift}
  7160 | D:2      | XOM: give mutation
  7160 | D:2      | Gained mutation: You are resistant to electric shocks. (rElec) [Xom's grace]
  7758 | D:2      | XOM: harmless Air miscast
  7830 | D:2      | XOM is BORED!
  7830 | D:2      | XOM: medium Tloc miscast
  8083 | D:2      | XOM: 2-stop teleportation journey
  8315 | D:2      | Noticed an orc warrior
  8328 | D:2      | XOM: potion effect (might)
  8333 | D:2      | Killed an orc warrior
  8333 | D:2      | Reached skill level 6 in Unarmed Combat
  8333 | D:2      | Reached XP level 5. HP: 37/37 MP: 5/5
  8338 | D:2      | Reached XP level 6. HP: 42/43 MP: 6/6
  8558 | D:3      | Reached skill level 7 in Unarmed Combat
  8585 | D:3      | XOM: divination: detect creatures
  8684 | D:3      | XOM: harmless Tloc miscast
  9034 | D:3      | XOM: medium Conj miscast
  9063 | D:3      | XOM: divination: detect items
  9511 | D:3      | XOM: god gift: curved glowing staff {god gift}
 10079 | D:3      | XOM: summons 2 hostile demons
 10117 | D:3      | Found a glowing golden altar of the Shining One.
 10117 | D:3      | Found an opulent altar of Gozag.
 10263 | D:4      | Found a staircase to the Ecumenical Temple.
 10291 | D:4      | Reached XP level 7. HP: 47/47 MP: 7/7
 10340 | D:4      | Noticed Sigmund
 10361 | D:4      | XOM: chaos upgrade
 10362 | Temple   | Entered the Ecumenical Temple
 11535 | Temple   | XOM: 2-stop teleportation journey
 11776 | Temple   | XOM: 1-stop teleportation journey
 12371 | Temple   | XOM: scenery: create altars
 12687 | Temple   | XOM: give mutation
 12687 | Temple   | Gained mutation: One of your tentacles bears a spike. [Xom's grace]
 13089 | Temple   | XOM: give mutations
 13089 | Temple   | Gained mutation: You evolve. [Xom's grace]
 13089 | Temple   | Gained mutation: You are resistant to hostile enchantments. (MR+) [Xom's grace]
 13089 | Temple   | Lost mutation: You evolve. [Xom's grace]
 13089 | Temple   | Gained mutation: You are somewhat resistant to further mutation. [Xom's grace]
 14045 | Temple   | XOM: give mutations
 14045 | Temple   | Gained mutation: You are partially covered in slimy green scales. (AC +2) [Xom's grace]
 14045 | Temple   | Gained mutation: Your system is resistant to poisons. (rPois) [Xom's grace]
 14187 | Temple   | XOM: harmless Hex miscast
 14286 | Temple   | XOM: mild Conj miscast
 15188 | Temple   | XOM: 10-stop teleportation journey
 15716 | Temple   | XOM: harmless Erth miscast
 15948 | Temple   | XOM: medium Fire miscast
 16592 | Temple   | XOM: severe Tloc miscast
 16750 | Temple   | XOM: give mutations
 16750 | Temple   | Gained mutation: You are frail. (-10% HP) [Xom's mischief]
 16750 | Temple   | Lost mutation: You are resistant to electric shocks. (rElec) [Xom's mischief]
 17028 | Temple   | XOM: mild Tloc miscast
 17561 | Temple   | XOM is BORED!
 17561 | Temple   | XOM: give mutations
 17561 | Temple   | Lost mutation: One of your tentacles bears a spike. [Xom's mischief]
 17561 | Temple   | Lost mutation: You are frail. (-10% HP) [Xom's mischief]
 17561 | Temple   | Gained mutation: Scrolls take you a little longer to read. [Xom's mischief]
 17769 | Temple   | XOM: scenery: create altars
 17981 | Temple   | XOM: cloud trail
 18079 | Temple   | XOM: give mutations
 18079 | Temple   | Gained mutation: You are covered in fur. (AC +1) [Xom's grace]
 18079 | Temple   | Gained mutation: Your muscles are strong. (Str +2) [Xom's grace]
 18079 | Temple   | Gained mutation: You can translocate small distances at will. [Xom's grace]
 18599 | Temple   | XOM: scenery: create altars
 19324 | Temple   | XOM: scenery: create altars
 19697 | Temple   | XOM: cloud trail
 19903 | Temple   | XOM: god gift: 3 meat rations
 20637 | Temple   | XOM: torment (25/47 hp)
 20839 | Temple   | XOM: noise
 20923 | Temple   | XOM: medium Erth miscast
 21150 | Temple   | XOM: mild Air miscast
 21313 | Temple   | XOM: mild Conj miscast
 21434 | Temple   | XOM: mild Ice miscast
 21578 | Temple   | XOM: mild Chrm miscast
 21735 | Temple   | XOM is BORED!
 21735 | Temple   | XOM: medium Necr miscast
 21736 | Temple   | Noticed a shadow
 21736 | Temple   | Noticed a shadow
 21753 | D:4      | XOM: divination: detect creatures
 21759 | D:4      | XOM: noise
 21783 | D:4      | XOM: summons friendly ufetubus
 21790 | D:4      | XOM: cast spell 'Monstrous Menagerie'
 22639 | Temple   | XOM: god gift: scroll labeled CETZIV HOUH {god gift}
 22645 | Temple   | XOM: give mutations
 22645 | Temple   | Lost mutation: Your muscles are strong. (Str +2) [Xom's mischief]
 22645 | Temple   | Lost mutation: You are resistant to hostile enchantments. (MR+) [Xom's mischief]
 22645 | Temple   | Lost mutation: You can translocate small distances at will. [Xom's mischief]
 23908 | Temple   | XOM: god gift: 40 gold pieces
 23949 | Temple   | XOM: give mutation
 23949 | Temple   | Gained mutation: Your flesh is cold resistant. (rC+) [Xom's grace]
 24353 | Temple   | XOM: cloud trail
 24592 | Temple   | XOM: god gift: scroll labeled ULALEPN LOENN {god gift}
 24728 | Temple   | XOM is BORED!
 24728 | Temple   | XOM: mild Chrm miscast
 24875 | Temple   | XOM: give mutations
 24875 | Temple   | Gained mutation: You have a pair of small antennae on your head. [Xom's grace]
 24875 | Temple   | Gained mutation: Your spells are a little harder to cast, but a little more powerful. [Xom's grace]
 24875 | Temple   | Gained mutation: You passively map a small area around you. [Xom's grace]
 24875 | Temple   | Gained mutation: You are very agile. (Dex +4) [Xom's grace]
 24917 | Temple   | XOM: scenery: create altars
 26007 | Temple   | XOM: give mutations
 26007 | Temple   | Gained mutation: Your flesh is heat resistant. (rF+) [Xom's grace]
 26007 | Temple   | Gained mutation: You have an increased reservoir of magic. (+10% MP) [Xom's grace]
 26007 | Temple   | Gained mutation: Your spells are harder to cast, but more powerful. [Xom's grace]
 26007 | Temple   | Gained mutation: You possess an exceptional clarity of mind. [Xom's grace]
 26143 | Temple   | XOM: give mutation
 26143 | Temple   | Gained mutation: Your natural rate of healing is unusually fast. [Xom's grace]
 26253 | Temple   | XOM: cast spell 'Spider Form'
 26401 | Temple   | XOM: give mutations
 26401 | Temple   | Gained mutation: Your muscles are strong. (Str +2) [Xom's grace]
 26401 | Temple   | Gained mutation: Your flesh is very cold resistant. (rC++) [Xom's grace]
 26559 | Temple   | XOM: scenery: create altars
 26795 | Temple   | XOM: scenery: create altars
 26925 | Temple   | XOM: harmless Hex miscast
 27047 | Temple   | XOM: give mutations
 27047 | Temple   | Lost mutation: Your spells are harder to cast, but more powerful. [Xom's mischief]
 27047 | Temple   | Lost mutation: You are very agile. (Dex +4) [Xom's mischief]
 27348 | Temple   | XOM: 1-stop teleportation journey
 28770 | Temple   | XOM: summons 3 hostile demons
 28771 | Temple   | Noticed a sixfirhy
 28775 | D:4      | Slain by an ogre

Skill      XL: |  1  2  3  4  5  6 |
---------------+-------------------+-----
Unarmed Combat | 4 6 7 |  7.8
Fighting       | |  3.0
Dodging        | |  2.3

Action                   |  1- 3 |  4- 6 |  7- 9 || total
-------------------------+-------+-------+-------++-------
Melee: Unarmed           |    97 |   113 |     2 ||   212
       Constrict         |    22 |    25 |       ||    47
       Tentacles         |    12 |    22 |       ||    34
       Punch             |     5 |     4 |       ||     9
  Use: Scroll            |     1 |       |     4 ||     5
       Potion            |       |     5 |     3 ||     8
 Stab: Sleeping          |     5 |     3 |       ||     8
  Eat: Chunk             |    12 |    15 |       ||    27
       Fruit             |       |     1 |       ||     1
       Meat ration       |       |       |     7 ||     7
       Bread ration      |       |       |     4 ||     4
       Royal jelly       |       |       |     2 ||     2
       Beef jerky        |       |       |     1 ||     1
Armor: Skin              |    17 |    38 |     3 ||    58
Dodge: Dodged            |    71 |    65 |     6 ||   142
